 Dungeon Crawl Stone Soup version 0.31-a0-1019-g3dd9dd1025 (webtiles) character file.

Game seed: 693757080204972022

4676 BinkBink the Cleaver (level 10, -2/93 HPs)
             Began as a Minotaur Monk on Nov 17, 2023.
             Was a High Priest of Okawaru.
             Slain by a two-headed ogre
             ... wielding a +0 giant spiked club
              (10 damage)
             ... on level 8 of the Dungeon.
             The game lasted 00:09:42 (6307 turns).

BinkBink the Cleaver (Minotaur Monk)                Turns: 6307, Time: 00:09:43

Health: -2/93      AC: 12    Str: 20    XL:     10   Next: 21%
Magic:  9/9        EV:  9    Int: 13    God:    Okawaru [*****.]
Gold:   673        SH:  0    Dex: 13    Spells: 9/9 levels left

rFire   . . .        B - +13 scythe of Curses {drain, curses, Drain}
rCold   . . .        (shield currently unavailable)
rNeg    . . .        t - +0 chain mail
rPois   .            (helmet restricted)
rElec   .            (no cloak)
rCorr   .            i - +0 pair of gloves
SInv    +            (no boots)
Will    .....        (no amulet) Stlth
                     j - ring of see invisible
HPRegen 0.35/turn    x - +6 ring of intelligence
MPRegen 0.11/turn

%: no passive effects
@: confused, studying 2 skills
A: horns 2, retaliatory headbutt
a: Renounce Religion, Heroism, Finesse, Duel


You were on level 8 of the Dungeon.
You worshipped Okawaru.
Okawaru was extremely pleased with you.
You visited 2 branches of the dungeon, and saw 10 of its levels.
You also visited: Ossuary.

You collected 972 gold pieces.
You spent 299 gold pieces at shops.

Inventory:

Hand Weapons
 h - a +2 hand axe of electrocution
 B - the +13 scythe of Curses (weapon) {drain, curses, Drain}
   (You found it on level 6 of the Dungeon)

   Drain:     It drains your maximum health when unequipped.
Missiles
 K - a boomerang (quivered)
Armour
 d - an orb of light
 i - a +0 pair of gloves (worn)
 t - a +0 chain mail (worn)
Jewellery
 j - a ring of see invisible (left hand)
 x - a +6 ring of intelligence (right hand)
Wands
 z - a wand of flame (7)
 A - a wand of iceblast (10)
 L - a wand of light (5)
Scrolls
 a - 2 scrolls of vulnerability
 b - a scroll of enchant weapon
 f - 2 scrolls of teleportation
 g - 2 scrolls of fear
 l - a scroll of amnesia
 m - 2 scrolls of noise
 p - 2 scrolls of brand weapon
 s - 6 scrolls of poison
 w - a scroll of immolation {unknown}
 y - a scroll of blinking {unknown}
 G - 3 scrolls of fog {unknown}
 J - a scroll of torment {unknown}
Potions
 c - 2 potions of ambrosia
 e - 3 potions of attraction {unknown}
 k - a potion of cancellation {unknown}
 n - 6 potions of curing
 o - a potion of mutation {unknown}
 r - 6 potions of heal wounds
 v - 2 potions of might
 C - a potion of resistance {unknown}
 D - 2 potions of degeneration {unknown}
 E - 2 potions of lignification {unknown}
 F - a potion of enlightenment {unknown}
 H - a potion of invisibility {unknown}
 I - 3 potions of haste


   Skills:
 + Level 9.9 Fighting
 - Level 11.2(12.0) Axes
 * Level 6.7(9.8) Polearms
 + Level 1.2 Throwing
 + Level 8.8 Armour
 - Level 3.2 Dodging


You had 9 spell levels left.
You didn't know any spells.
Your spell library contained the following spells:

 Spells                   Type           Power      Damage    Failure   Level
 Shock                    Conj/Air       0%         1d3       88%         1
 Blink                    Tloc           0%         N/A       95%         2
 Lesser Beckoning         Tloc           0%         N/A       95%         2
 Momentum Strike          Conj/Tloc      0%         3d8       95%         2
 Swiftness                Air            0%         N/A       99%         3
 Airstrike                Air            0%         2d(0-16)  100%        4
 Passage of Golubria      Tloc           0%         N/A       100%        4
 Silence                  Hex/Air        0%         N/A       100%        5
 Lehudib's Crystal Spear  Conj/Erth      0%         10d2      100%        8


Dungeon Overview and Level Annotations

Branches:
Dungeon (9/15)             Temple (1/1) D:4         Ossuary (visited)
   Lair: D:8-11         Orc: D:9-12

Altars:
Ashenzari
Cheibriados
Dithmenos
Elyvilon
Fedhas
Gozag
Hepliaklqana
Kikubaaqudgha
Makhleb
Nemelex Xobeh
Okawaru
Qazlal
Ru
Sif Muna
Trog
Uskayaw
Vehumet
Wu Jian
Xom
Yredelemnul
Zin
The Shining One

Shops:
D:9 **!:


Innate Abilities, Weirdness & Mutations

You have a pair of horns on your head.
You reflexively headbutt those who attack you in melee.


Message History

The two-headed ogre closely misses you.
The two-headed ogre hits you but does no damage.
The orc wizard gestures at you while chanting.
You are more confused.
You miss the orc wizard.
You headbutt the orc wizard, but do no damage.
The orc hits you with a +0 hand axe.
The orc wizard hits you but does no damage.
The two-headed ogre hits you with a +0 giant spiked club!
The two-headed ogre closely misses you. The orc hits you but does no damage.
The orc wizard hits you but does no damage.
The orc barely misses you. The orc hits you with a +0 hand axe.
The orc attacks as it pursues you! The orc barely misses you.
The two-headed ogre attacks as it pursues you!
The two-headed ogre hits you with a +0 giant spiked club! x2
* * * LOW HITPOINT WARNING * * *
Unknown command.
You're too confused to move!
The orc hits you but does no damage.
Unknown command.
You're too confused to move!
The two-headed ogre hits you with a +0 giant spiked club!
* * * LOW HITPOINT WARNING * * *
The two-headed ogre hits you with a +0 giant spiked club!
* * * LOW HITPOINT WARNING * * *
The orc barely misses you. x2; The orc wizard closely misses you.
Unknown command.
You feel much better.
The two-headed ogre hits you with a +0 giant spiked club!
* * * LOW HITPOINT WARNING * * *
The two-headed ogre hits you with a +0 giant spiked club!
* * * LOW HITPOINT WARNING * * *
The orc hits you but does no damage. x2
The orc wizard hits you but does no damage.
You barely miss the orc. The orc barely misses you.
The orc hits you but does no damage.
The orc wizard hits you but does no damage.
The two-headed ogre barely misses you.
The two-headed ogre hits you with a +0 giant spiked club!
You die...

#......#
......#
.....#
....#
...##+###
#...<...#
#.......#
#ooO....#
#o@.....#
#.......#
####+###..
.


You could see a two-headed ogre, an orc wizard and 2 orcs.

Vanquished Creatures
  Pikel (D:9)
  A troll (D:9)
  Sigmund (D:4)
  A flying skull (D:6)
  A wyvern (D:9)
  A wraith (D:9)
  A sky beast (D:6)
  A black bear (D:4)
  3 elephant zombies (D:6)
  2 ogres
  An orc warrior (D:6)
  A centaur (D:9)
  A phantom (D:6)
  An elf zombie (Ossuary)
  3 bullfrogs
  A gnoll sergeant (D:6)
  2 scorpions (D:5)
  A water moccasin zombie (D:5)
  6 wights
  4 killer bees (D:9)
  An electric eel (D:9)
  3 howler monkeys (D:9)
  2 centaur zombies (D:5)
  A bullfrog zombie (D:5)
  7 orc priests
  2 jellies
  2 human zombies (D:6)
  3 hounds
  4 iguanas
  9 orc wizards
  3 scorpion zombies (D:6)
  A sleepcap (D:6)
  A killer bee zombie (D:5)
  6 hound zombies
  A hound skeleton (D:5)
  4 mummies (Ossuary)
  4 howler monkey zombies (D:6)
  7 gnolls
  8 adders
  A shadow imp (D:5)
  3 white imps
  An adder zombie (Ossuary)
  6 dart slugs
  23 orcs
  4 ball pythons
  6 endoplasms
  2 giant cockroaches
  3 gnoll zombies (Ossuary)
  4 hobgoblins
  3 jackals (D:2)
  4 quokkas
  4 bats
  3 frilled lizards
  10 goblins
  A hobgoblin zombie (Ossuary)
  A jackal zombie (Ossuary)
  5 kobolds
  An orc zombie (Ossuary)
  7 rats
  A rat zombie (Ossuary)
196 creatures vanquished.

Vanquished Creatures (others)
  A howler monkey (D:9)
1 creature vanquished.

Grand Total: 197 creatures vanquished

Notes
Turn   | Place    | Note
-------+----------+-------------------------------------------
     0 | D:1      | BinkBink the Minotaur Monk began the quest for the Orb.
     0 | D:1      | Reached XP level 1. HP: 19/19 MP: 0/0
   226 | D:1      | Reached skill level 4 in Axes
   352 | D:1      | Reached XP level 2. HP: 27/27 MP: 1/1
   665 | D:2      | Reached skill level 1 in Armour
   668 | D:2      | Reached XP level 3. HP: 28/33 MP: 2/2
   846 | D:2      | Reached skill level 5 in Axes
   846 | D:2      | Reached XP level 4. HP: 36/40 MP: 3/3
  1118 | D:2      | HP: 2/41 [poisoned by an adder]
  1361 | D:3      | Reached XP level 5. HP: 47/47 MP: 4/4
  1391 | D:3      | Found a faded altar of an unknown god.
  1635 | D:4      | Reached skill level 6 in Axes
  1669 | D:4      | Found a staircase to the Ecumenical Temple.
  1727 | Temple   | Entered the Ecumenical Temple
  1727 | Temple   | Noticed a hellion
  1727 | Temple   | Noticed a smoke demon
  1727 | Temple   | Noticed a red devil
  1727 | Temple   | Noticed an orange demon
  1727 | Temple   | Noticed a cacodemon
  1727 | Temple   | Noticed a red devil
  1728 | Temple   | Noticed Peisywk the pandemonium lord
  1728 | Temple   | Noticed Vagosk the pandemonium lord
  1728 | Temple   | Noticed a rust devil
  1729 | Temple   | Noticed an ice devil
  1730 | Temple   | Noticed Cisifis the pandemonium lord
  1762 | Temple   | Noticed Nurhot the pandemonium lord
  1763 | Temple   | Noticed a soul eater
  1764 | Temple   | Noticed Temiot the pandemonium lord
  1795 | Temple   | Became a worshipper of Warmaster Okawaru
  1795 | Temple   | Reached * piety under Okawaru
  1795 | Temple   | Reached ** piety under Okawaru
  2020 | D:4      | Noticed a black bear
  2028 | D:4      | Killed a black bear
  2029 | D:4      | Reached skill level 5 in Fighting
  2029 | D:4      | Reached XP level 6. HP: 33/56 MP: 5/5
  2112 | D:4      | Found a snail-covered altar of Cheibriados.
  2290 | D:4      | Noticed Sigmund
  2291 | D:4      | Found a bloodstained altar of Trog.
  2296 | D:4      | Killed Sigmund
  2297 | D:4      | Reached skill level 7 in Axes
  2297 | D:4      | Reached XP level 7. HP: 57/62 MP: 6/6
  2759 | D:5      | Entered Level 5 of the Dungeon
  2789 | D:5      | Reached skill level 8 in Axes
  2968 | D:5      | Reached skill level 5 in Armour
  3011 | D:5      | Reached *** piety under Okawaru
  3097 | D:5      | Reached XP level 8. HP: 71/71 MP: 7/7
  3322 | D:5      | Reached skill level 9 in Axes
  3936 | D:5      | Reached skill level 10 in Axes
  4239 | D:6      | Reached **** piety under Okawaru
  4329 | D:6      | Noticed a flying skull
  4333 | D:6      | Found the +13 scythe of Curses {drain, curses, Drain}
  4340 | D:6      | Killed a flying skull
  4341 | D:6      | Reached XP level 9. HP: 73/81 MP: 8/8
  4383 | D:6      | Reached skill level 11 in Axes
  4420 | D:6      | Found a basalt altar of Yredelemnul.
  4680 | D:6      | Reached skill level 1 in Polearms
  4839 | D:7      | Found a sand-covered staircase.
  4850 | Ossuary  | Entered an ossuary
  5344 | D:7      | You fall into a shaft and drop 2 floors!
  5344 | D:9      | Found Loav's General Store.
  5381 | D:9      | Reached ***** piety under Okawaru
  5480 | D:9      | Found Bounlad's Book Emporium.
  5630 | D:9      | Noticed Pikel
  5630 | D:9      | Noticed a troll
  5635 | D:9      | Killed Pikel
  5635 | D:9      | Received a gift from Okawaru
  5636 | D:9      | Reached skill level 5 in Polearms
  5640 | D:9      | Killed a troll
  5641 | D:9      | Reached XP level 10. HP: 73/91 MP: 9/9
  5788 | D:9      | Found Bigaulur's General Store.
  5797 | D:9      | Bought a scroll of identify for 24 gold pieces
  5805 | D:9      | Identified a scroll of acquirement
  5806 | D:9      | Acquired a manual of Fighting
  5839 | D:9      | Found Nann's Book Shoppe.
  5898 | D:8      | Noticed a two-headed ogre
  5958 | D:9      | Found Emeyppied's Distillery.
  5967 | D:9      | Bought a potion of haste for 110 gold pieces
  5967 | D:9      | Bought a potion of might for 44 gold pieces
  5967 | D:9      | Bought a potion of curing for 33 gold pieces
  5967 | D:9      | Bought a potion of heal wounds for 55 gold pieces
  5967 | D:9      | Bought a potion of curing for 33 gold pieces
  5989 | D:9      | Reached skill level 1 in Throwing
  6145 | D:9      | Found a glowing golden altar of the Shining One.
  6145 | D:9      | Found a stormy altar of Qazlal.
  6305 | D:8      | HP: 3/93 [two-headed ogre/+0 giant spiked club (8)]
  6307 | D:8      | Slain by a two-headed ogre

Illustrated notes

Levels and vault maps discovered:
D:1:      giann_bridges, layout_basic, corexii_item_surrounded_by_moat,
          minmay_misc_feat_secret_circle
D:2:      layout_rooms
D:3:      layout_basic, dreamdust_ecumenical_altar_hidden_monk_grotto
D:4:      layout_basic, mainiacjoe_overflow_concentric_impassable,
          kennysheep_slug_shrine, minmay_temple_entry_large_hall, uniq_sigmund
D:5:      layout_loops_ring, serial_undead, serial_undead_c, serial_undead_c,
          serial_undead_f, serial_undead_d
D:6:      layout_basic, roadster_capsule_ark_zombie
D:7:      layout_cave_pools, enter_ossuary_1, kennysheep_nondescript
D:8:      layout_gridville, gammafunk_ghost_necromancy, minmay_pinched_square,
          uniq_maurice
D:9:      layout_roguey, gammafunk_temple_overflow_pools, serial_shops,
          nicolae_stop_n_shop_1, nicolae_book_shop_shelving, shop_statue,
          nicolae_stop_n_shop_1, shop_fountains, kennysheep_path_1, uniq_pikel
Temple:   nicolae_temple_panitentiary

Skill      XL: |  1  2  3  4  5  6  7  8  9 10 |
---------------+-------------------------------+-----
Axes           | 4 5 6 7 8 10 11 | 11.2
Fighting       | 4 5 6 7 9 |  9.9
Armour         | 1 2 3 4 5 6 8 |  8.8
Polearms       | 6 |  6.7
Throwing       | 1 |  1.2
Dodging        | |  3.2

Action                     |  1- 3 |  4- 6 |  7- 9 | 10-12 || total
---------------------------+-------+-------+-------+-------++-------
  Melee: Hand axe          |    47 |    84 |   192 |       ||   323
         Headbutt          |     4 |     8 |    68 |     2 ||    82
         Scythe            |       |       |    75 |    31 ||   106
  Throw: Boomerang         |       |       |       |     1 ||     1
    Use: Scroll            |       |       |       |    10 ||    10
         Potion            |       |       |       |     1 ||     1
 Armour: Robe              |    21 |    30 |       |       ||    51
         Chain mail        |       |    24 |   253 |    50 ||   327
  Dodge: Dodged            |    31 |    45 |   132 |    28 ||   236

Table legend: (Time is in decaauts)
 A = Elapsed time spent in this place.
 B = Non-inter-level travel time spent in this place.
 C = Inter-level travel time spent in this place.
 D = Time resting spent in this place.
 E = Time spent auto-exploring this place.
 F = Levels seen in this place.
 G = Mean time per level.
                   A        B        C        D        E       F      G
               +--------+--------+--------+--------+--------+-----+--------+
         Total |   6355 |   6098 |    257 |    830 |   4137 |  11 |  577.7 |
       Dungeon |   5948 |   5707 |    241 |    830 |   3901 |   9 |  660.9 |
        Temple |     84 |     68 |     16 |      0 |      0 |   1 |   84.0 |
       Ossuary |    322 |    322 |      0 |      0 |    236 |   1 |  322.0 |
               +--------+--------+--------+--------+--------+-----+--------+

Top non-repeatable levels by time:
     D:5: 1145 daAuts
     D:4: 1062 daAuts
     D:9: 993 daAuts
     D:6: 912 daAuts
     D:2: 639 daAuts
     D:1: 618 daAuts
     D:3: 358 daAuts
 Ossuary: 322 daAuts
     D:7: 204 daAuts
  Temple: 84 daAuts
     D:8: 14 daAuts
